 Dungeon Crawl Stone Soup version 0.21-a0-582-g1b93aee (webtiles) character file.

724 nikopol the Chopper (level 7, 0/93 HPs)
             Began as a Hill Orc Berserker on Dec 19, 2017.
             Was a Priest of Trog.
             Killed from afar by Typee's ghost (4 damage)
             ... with a flame tongue
             ... in a sewer.
             The game lasted 00:10:14 (3319 turns).

nikopol the Chopper (Hill Orc Berserker)            Turns: 3319, Time: 00:10:15

Health: 0/93       AC:  6    Str: 26    XL:     7   Next: 71%
Magic:  7/7        EV: 12    Int:  7    God:    Trog [***...]
Gold:   164        SH:  0    Dex: 11    Spells: 6/6 levels left

rFire    . . .     SeeInvis .   a - +0 hand axe
rCold    . . .     Gourm    .   (no shield)
rNeg     . . .     Faith    .   m - +0 ring mail
rPois    .         Spirit   .   (no helmet)
rElec    .         Reflect  .   (no cloak)
rCorr    .         Harm     .   (no gloves)
MR       .....                  r - +0 pair of boots
Stlth    ..........             (no amulet)
HPRegen  0.25/turn              (no ring)
MPRegen  0.10/turn              (no ring)

@: berserking, very quick
A: no striking features
a: Berserk, Trog's Hand, Burn Spellbooks, Renounce Religion


You were in a sewer.
You worshipped Trog.
Trog was most pleased with you.
You were very hungry.

You visited 1 branch of the dungeon, and saw 4 of its levels.
You also visited: Sewer.

You collected 164 gold pieces.

Inventory:

Hand Weapons
 a - a +0 hand axe (weapon)
 z - a +5 shortbow
Missiles
 t - 8 arrows
Armour
 b - a +0 animal skin
 m - a +0 ring mail (worn)
 r - a +0 pair of boots (worn)
Jewellery
 u - a +6 ring of evasion {unknown}
Scrolls
 e - a scroll of remove curse
 i - 3 scrolls of identify
 l - 3 scrolls of teleportation
 o - a scroll of blinking
Potions
 d - a potion of might
 f - a potion of resistance
 g - a potion of ambrosia {unknown}
 j - a potion of flight {unknown}
 k - a potion of invisibility {unknown}
 n - a potion of heal wounds {unknown}
 q - a potion of agility {unknown}
 v - 2 potions of curing {unknown}
Comestibles
 c - 6 rations
 h - 5 chunks of flesh


   Skills:
 + Level 5.8 Fighting
 + Level 7.7 Axes
 + Level 3.5 Bows
 + Level 2.4 Armour
 + Level 2.9 Dodging


You had 6 spell levels left.
You didn't know any spells.

Dungeon Overview and Level Annotations

Branches:
Dungeon (4/15)             Temple (0/1) D:4

Altars:
Sif Muna
Uskayaw
Xom
Yredelemnul

Shops:
D:4 =

Annotations:
Sewer Typee's ghost, amateur OpFE


Message History

You barely miss Typee's ghost.
Typee's ghost is lightly damaged.
You closely miss the bat. x2; The bat misses you. x2; Typee's ghost hits you.
* * * LOW HITPOINT WARNING * * *
You hit Typee's ghost.
Typee's ghost is moderately damaged.
You miss the bat. The bat hits you but does no damage.
The bat closely misses you.
You slash Typee's ghost!
Typee's ghost is severely damaged.
You miss the bat. You closely miss the bat. The bat closely misses you.
The bat barely misses you. Typee's ghost hits you.
* * * LOW HITPOINT WARNING * * *
You slash Typee's ghost!
Typee's ghost is almost destroyed.
You barely miss the bat. The bat barely misses you.
The bat hits you but does no damage.
Typee's ghost stares at you and mumbles some strange words.
The flame tongue hits you!
You die...

######
#.....#
...≈...##
..≈≈≈..W##
.≈≈≈≈≈bb@#
..≈≈≈.bb##
...≈...##
#.....#
######


You could see Typee's ghost and 4 bats.

Vanquished Creatures
  Grinder (D:3)
  An ice beast (D:3)
  A centaur (D:2)
  A scorpion (D:4)
  A howler monkey (D:2)
  A hound (D:4)
  An iguana (D:4)
  A worker ant (D:3)
  4 gnolls
  5 adders
  3 worms
  A dart slug (D:1)
  6 leopard geckos
  4 orcs
  4 giant cockroaches
  6 goblins
  7 hobgoblins
  5 jackals (D:2)
  2 quokkas (D:2)
  2 ball pythons
  3 bats
  2 frilled lizards
  3 kobolds
  7 rats
72 creatures vanquished.

Notes
Turn   | Place    | Note
-------+----------+-------------------------------------------
     0 | D:1      | nikopol the Hill Orc Berserker began the quest for the Orb.
     0 | D:1      | Reached XP level 1. HP: 19/19 MP: 1/1
    90 | D:1      | Reached XP level 2. HP: 18/27 MP: 2/2
   357 | D:1      | Found a shimmering altar of Xom.
   359 | D:1      | Found a basalt altar of Yredelemnul.
   359 | D:1      | Found a sparkling altar of Nemelex Xobeh.
   361 | D:1      | Found a deep blue altar of Sif Muna.
   361 | D:1      | Found a hide-covered altar of Uskayaw.
   361 | D:1      | Found a deep blue altar of Sif Muna.
   853 | D:2      | Reached ** piety under Trog
   857 | D:2      | Reached XP level 3. HP: 17/33 MP: 3/3
  1145 | D:2      | Reached skill level 5 in Axes
  1360 | D:2      | Reached XP level 4. HP: 35/41 MP: 4/4
  1570 | D:2      | Noticed a centaur
  1583 | D:2      | Killed a centaur
  1583 | D:2      | Reached skill level 6 in Axes
  1583 | D:2      | Reached XP level 5. HP: 19/47 MP: 5/5
  2036 | D:3      | Reached skill level 5 in Fighting
  2058 | D:3      | Found a faded altar of an unknown god.
  2150 | D:3      | Reached XP level 6. HP: 55/56 MP: 6/6
  2221 | D:3      | Noticed Grinder
  2234 | D:3      | Paralysed by Grinder for 3 turns
  2253 | D:3      | Killed Grinder
  2253 | D:3      | Reached *** piety under Trog
  2253 | D:3      | Reached skill level 7 in Axes
  2253 | D:3      | Reached XP level 7. HP: 45/61 MP: 7/7
  3190 | D:4      | Found Noxastre's Jewellery Shoppe.
  3300 | D:4      | Found a glowing drain.
  3309 | Sewer    | Entered a sewer
  3309 | Sewer    | Noticed Typee's ghost (amateur OpFE)
  3318 | Sewer    | HP: 4/93 [Typee's ghost (4)]
  3319 | Sewer    | Killed from afar by Typee's ghost

Vault maps used:
D:1:      mainiacjoe_arrival_reflecting_pool, doesnt_xom_only_xom
D:3:      first_ration, chequers_ecumenical_altar_simple_redux, uniq_grinder
D:4:      minmay_temple_entry_butterflies, serial_shops, nicolae_shop_crystal,
          portal_sewer_entry_d, kennysheep_opposing_triangles
Sewer:    sewer_big_baddie

Skill      XL: |  1  2  3  4  5  6  7 |
---------------+----------------------+-----
Fighting       | 4 5 |  5.8
Axes           | 5 6 7 |  7.7
Dodging        | 2 |  2.9
Bows           | 2 3 |  3.5
Armour         | |  2.4

Action                   |  1- 3 |  4- 6 |  7- 9 || total
-------------------------+-------+-------+-------++-------
Melee: Hand axe          |    71 |    67 |    70 ||   208
 Fire: Shortbow          |       |    38 |    12 ||    50
Invok: Berserk           |     2 |     2 |     3 ||     7
  Use: Scroll            |       |       |     9 ||     9
  Eat: Chunk             |     2 |     2 |     6 ||    10
       Ration            |       |     1 |       ||     1
Armor: Animal skin       |    13 |     7 |     4 ||    24
       Ring mail         |       |       |     7 ||     7
Dodge: Dodged            |    52 |    44 |    61 ||   157

Table legend:
 A = Spawn XP
 B = Non-spawn XP
 C = Spawn XP percentage of total XP
 D = Spawn monster count
 E = Non-spawn monster count
 F = Spawn count percentage of total count
 G = Total turns spent on level
                    A         B        C        D         E        F      G
               +---------+---------+-------+---------+---------+-------+---------
         Total |       0 |    1035 |   0.0 |       0 |      72 |   0.0 |  3319
               +---------+---------+-------+---------+---------+-------+---------
           D:1 |       0 |      24 |   0.0 |       0 |      14 |   0.0 |   802
           D:2 |       0 |     217 |   0.0 |       0 |      22 |   0.0 |  1156
           D:3 |       0 |     581 |   0.0 |       0 |      25 |   0.0 |  1135
           D:4 |       0 |     211 |   0.0 |       0 |      10 |   0.0 |   216
         Sewer |       0 |       2 |   0.0 |       0 |       1 |   0.0 |    10
               +---------+---------+-------+---------+---------+-------+---------
